 Dungeon Crawl Stone Soup version 0.15.0-31-geb66e34 (webtiles) character file.

7253 DrPain the Covert (level 10, 0/41 (46) HPs)
             Began as a Spriggan Assassin on Sept 14, 2014.
             Was a High Priest of Dithmenos.
             Slain by a wolf (5 damage)
             ... on Level 1 of the Lair of Beasts.
             The game lasted 01:11:34 (11833 turns).

DrPain the Covert (Spriggan Assassin)              Turns: 11833, Time: 01:11:34

HP   0/41 (46)   AC  5     Str  8      XL: 10   Next: 88%
MP  28/28        EV 29     Int 15      God: Dithmenos [*****.]
Gold 683         SH  0     Dex 18      Spells:  3 memorised,  4 levels left

rFire  . . .     SeeInvis +     f - +0 blowgun
rCold  . . .     Clarity  .     c - +0 robe
rNeg   . . .     rCorr    .     (shield restricted)
rPois  +         rRot     .     (helmet restricted)
rElec  .         Spirit   .     d - +2 cloak
SustAb .         Warding  .     (gloves unavailable)
rMut   .         Stasis   .     (boots unavailable)
Gourm  .                        m - amulet of faith
MR     +....                    i - ring of stealth
                                o - ring of poison resistance

@: wreathed by umbra, very quick, somewhat resistant to hostile enchantments,
uncannily stealthy
A: unfitting armour, see invisible, herbivore 3, speed 3, slow metabolism 2
a: Shadow Step, Shadow Form, Renounce Religion


You were on level 1 of the Lair of Beasts.
You worshipped Dithmenos.
Dithmenos was extremely pleased with you.
You were not hungry.

You visited 3 branches of the dungeon, and saw 11 of its levels.

You collected 683 gold pieces.

Inventory:

Hand weapons
 f - a +0 blowgun (weapon)
 w - a +3 short sword
 W - a +2 dagger
Missiles
 b - a curare-tipped needle
 e - 86 poisoned needles (quivered)
 j - 2 steel tomahawks
 k - 15 tomahawks
 D - 7 needles of slowing
 E - 3 needles of confusion
Armour
 c - a +0 robe (worn)
 d - a +2 cloak (worn)
Magical devices
 p - a wand of confusion (11)
 t - a wand of slowing (11)
 u - a wand of paralysis (15)
Comestibles
 l - 7 bread rations
 z - 19 fruits
 B - 5 slices of pizza
Scrolls
 q - 6 scrolls of identify
 s - a scroll of amnesia
 v - 5 scrolls of remove curse
 C - a scroll of magic mapping
Jewellery
 i - a ring of stealth (right hand)
 m - an amulet of faith (around neck)
 o - a ring of poison resistance (left hand)
Potions
 a - 3 potions of agility
 g - a potion of porridge
 h - a potion of brilliance
 r - 2 potions of magic
 x - 2 potions of restore abilities
 A - a potion of mutation
 F - a potion of flight
Books
 n - a book of Wizardry

   Spells                             Type                      Level
   Agony                              Necromancy                   5
   *Force Lance                       Conjuration                  5
   Dispersal                          Translocation                6
   *Haste                             Charms                       6
   *Invisibility                      Hexes                        6
   Spellforged Servitor               Conjuration/Summoning        7
 y - a book of Transfigurations

   Spells                             Type                      Level
   Stoneskin                          Transmutation/Earth          2
   Ice Form                           Ice/Transmutation            4
   Statue Form                        Transmutation/Earth          6
   Dragon Form                        Transmutation                7


   Skills:
 - Level 1.5 Fighting
 + Level 7.3 Short Blades
 - Level 5.1 Throwing
 - Level 12.1 Dodging
 - Level 12.2 Stealth
 - Level 6.1 Spellcasting
 * Level 9.8 Hexes


You had 4 spell levels left.
You knew the following spells:

 Your Spells              Type           Power        Failure   Level  Hunger
a - Invisibility          Hex            ####....     45%         6    #######
b - Force Lance           Conj           #.......     100%        5    #####..
c - Haste                 Chrm           #.......     100%        6    #######


Dungeon Overview and Level Annotations

Branches:
Dungeon (9/15)             Temple (1/1) D:4            Lair (1/8) D:8
    Orc: D:9-12

Altars:
Ashenzari
Cheibriados
Dithmenos
Fedhas
Kikubaaqudgha
Makhleb
Okawaru
Qazlal
Xom
The Shining One

Shops:
D:9 (

Annotations:
D:5 Grinder


Innate Abilities, Weirdness & Mutations

You are tiny and cannot use many weapons and most armour.
You have supernaturally acute eyesight.
You are a herbivore.
You cover ground extremely quickly.
You need consume almost no food.


Message History

You are too injured to fight recklessly!
Firing (i - inventory. (,) - cycle):
e - 88 poisoned needles (quivered)
Press: ? - help, Shift-Dir - straight line, f - wolf, p - wolf
Aim: a wolf (almost dead, umbra)
You shoot a poisoned needle.
The poisoned needle barely misses the wolf.
The poisoned needle hits the wolf!
The wolf is poisoned.
The wolf is almost dead.
The wolf completely misses you. The wolf misses you.
The wolf barely misses you.
You are too injured to fight recklessly!
Firing (i - inventory. (,) - cycle):
e - 87 poisoned needles (quivered)
Press: ? - help, Shift-Dir - straight line, f - wolf, p - wolf
Aim: a wolf (umbra)
You shoot a poisoned needle.
The poisoned needle closely misses the wolf.
The wolf barely misses you. The wolf misses you. The wolf bites you.
* * * LOW HITPOINT WARNING * * *
The wolf bites you.
You die...

≈≈P#...##.#####.(.............##
P≈≈#...P#....##....#..######..##
PP≈P...##....##.....########...#
≈PPP%..##....##...?+.......+..##
P≈P#...##....##.....#.....##..#
..≈.....##.####...........##..##
.......###'####....####.####...#
...............hh..#P##.#P#...##
.............(.h@.............#
##.#...........h.............%#
..............................#
..............................#
..............................#
###..................####.....#
#..................#######..#
#....####'####.....##...##..#
#..(.##.#.####.....##...##..#


You could see 4 wolves.

Vanquished Creatures
  A hydra (D:8)
  Pikel (D:6)
  A deep elf mage (D:9)
  8 yaks
  A steam dragon (D:9)
  A hill giant skeleton (D:9)
  A wolf (Lair:1)
  A hippogriff (Lair:1)
  2 porcupines (Lair:1)
  2 water moccasins
  3 slaves (D:6)
  An ice beast (D:8)
  3 orc warriors
  A black bear (D:6)
  A necrophage (D:9)
  6 ogres
  3 sky beasts
  6 big kobolds
  4 centaurs
  Sigmund (D:3)
  3 giant frogs
  A gnoll sergeant (D:6)
  4 scorpions
  A killer bee (D:9)
  2 wights (D:9)
  3 crimson imps
  3 jellies
  A quasit (D:9)
  6 hounds
  3 orc priests
  An iguana (D:4)
  7 orc wizards
  5 worker ants
  2 sheep (D:8)
  A sky beast zombie (D:5)
  9 gnolls
  5 adders
  3 giant mites
  An inept feature mimic (D:7)
  5 worms
  An iguana zombie (D:8)
  5 giant geckos
  2 oozes
  23 orcs
  15 bats
  6 giant cockroaches
  16 goblins
  10 hobgoblins
  7 quokkas
  A ball python (D:6)
  6 giant newts
  A goblin skeleton (D:5)
  11 jackals
  20 kobolds
  A kobold zombie (D:5)
  11 rats
  A plant (D:8)
251 creatures vanquished.

Notes
Turn   | Place    | Note
--------------------------------------------------------------
     0 | D:1      | DrPain, the Spriggan Assassin, began the quest for the Orb.
     0 | D:1      | Reached XP level 1. HP: 10/10 MP: 2/2
    75 | D:1      | Reached skill level 6 in Stealth
   360 | D:1      | Reached XP level 2. HP: 14/14 MP: 4/4
   750 | D:2      | Found an ancient bone altar of Kikubaaqudgha.
   956 | D:2      | Reached XP level 3. HP: 16/18 MP: 6/6
  1150 | D:2      | Found a stormy altar of Qazlal.
  1363 | D:2      | Reached skill level 5 in Dodging
  1547 | D:2      | Reached XP level 4. HP: 17/22 MP: 8/8
  1613 | D:2      | Found a burning altar of Makhleb.
  2260 | D:3      | Noticed a big kobold
  2279 | D:3      | Killed a big kobold
  2279 | D:3      | Reached skill level 5 in Short Blades
  2279 | D:3      | Reached XP level 5. HP: 9/25 MP: 10/10
  2929 | D:3      | Reached XP level 6. HP: 30/30 MP: 12/12
  2953 | D:3      | Noticed Sigmund
  3066 | D:3      | Killed Sigmund
  3602 | D:4      | Found a staircase to the Ecumenical Temple.
  3606 | Temple   | Entered the Ecumenical Temple
  3700 | Temple   | Became a worshipper of Dithmenos the Shadowed
  3976 | D:4      | Reached skill level 7 in Stealth
  4619 | D:5      | Entered Level 5 of the Dungeon
  4619 | D:5      | Noticed Grinder
  4682 | D:5      | Reached XP level 7. HP: 31/33 MP: 14/14
  5394 | D:5      | Reached skill level 5 in Throwing
  5477 | D:6      | Acquired Dithmenos' first power
  5483 | D:6      | Reached skill level 8 in Stealth
  5710 | D:6      | Reached skill level 9 in Stealth
  5814 | D:6      | Noticed Pikel
  5845 | D:6      | Killed Pikel
  5845 | D:6      | Reached skill level 11 in Stealth
  5845 | D:6      | Reached XP level 8. HP: 29/37 MP: 16/16
  5929 | D:6      | Reached skill level 12 in Stealth
  6030 | D:6      | Learned a level 6 spell: Invisibility
  6180 | D:6      | Reached skill level 1 in Spellcasting
  6180 | D:6      | Reached skill level 1 in Hexes
  6659 | D:6      | Noticed a yak
  6659 | D:6      | Noticed a yak
  6659 | D:6      | Noticed a yak
  6660 | D:6      | Noticed a yak
  6660 | D:6      | Noticed a yak
  6678 | D:6      | Noticed a yak
  6711 | D:6      | Killed a yak
  6730 | D:6      | Noticed a gargoyle
  6733 | D:6      | Killed a yak
  6733 | D:6      | Reached XP level 9. HP: 23/41 MP: 22/24
  6989 | D:6      | Killed a yak
  7045 | D:6      | Killed a yak
  7045 | D:6      | Reached skill level 5 in Spellcasting
  7045 | D:6      | Reached skill level 5 in Hexes
  7064 | D:6      | Killed a yak
  7116 | D:6      | Killed a yak
  7386 | D:6      | Acquired Dithmenos' second power
  8130 | D:7      | Found a glowing golden altar of the Shining One.
  8514 | D:8      | Found a staircase to the Lair.
  8515 | D:8      | HP: 1/41 [centaur/arrow of dispersal (3)]
  9184 | D:8      | Reached XP level 10. HP: 43/46 MP: 28/28
  9584 | D:8      | Acquired Dithmenos' third power
  9689 | D:8      | Reached skill level 10 in Dodging
  9963 | D:8      | Noticed a two-headed hydra
  9968 | D:8      | Killed a two-headed hydra
 10091 | D:8      | Identified a scroll of acquirement
 10504 | D:9      | Found Fibruqya's Antique Weapon Boutique.
 10842 | D:9      | Learned a level 5 spell: Force Lance
 11071 | D:9      | Acquired Dithmenos' fourth power
 11103 | D:9      | Learned a level 6 spell: Haste
 11177 | D:9      | Noticed a cyclops
 11434 | Lair:1   | Entered Level 1 of the Lair of Beasts
 11833 | Lair:1   | Slain by a wolf

Action                   |  1- 3 |  4- 6 |  7- 9 | 10-12 || total
-------------------------+-------+-------+-------+-------++-------
Melee: Dagger            |     7 |       |    73 |    49 ||   129
       Short sword       |    70 |   159 |   184 |   185 ||   598
 Fire: Blowgun           |     8 |    69 |   155 |    56 ||   288
Evoke: Wand              |       |     1 |     3 |     1 ||     5
  Use: Scroll            |     3 |     7 |     6 |     5 ||    21
       Potion            |       |     5 |     3 |       ||     8
 Stab: Sleeping          |     9 |    17 |    29 |    31 ||    86
       Distracted        |       |     1 |     5 |     1 ||     7
       Fleeing           |       |       |     1 |       ||     1
  Eat: Fruit             |       |     2 |     2 |     2 ||     6
       Royal jelly       |       |       |     1 |       ||     1
       Pizza             |       |       |       |     1 ||     1
